 Dungeon Crawl Stone Soup version 0.25.0-26-g0c896c7088 (webtiles) character file.

Game seed: 5656884328136204763

200 AvylaarBelgium the Magician (level 5, 0/28 HPs)
             Began as a Deep Elf Fire Elementalist on July 5, 2020.
             Was an Initiate of Vehumet.
             Slain by a sky beast (6 damage)
             ... on level 7 of the Dungeon.
             The game lasted 00:09:27 (2617 turns).

AvylaarBelgium the Magician (DEFE)                  Turns: 2617, Time: 00:09:27

Health: 0/28       AC:  2    Str:  2 (5)  XL:     5   Next: 49%
Magic:  13/13      EV: 13    Int: 19 (21) God:    Vehumet [......]
Gold:   147        SH:  0    Dex: 14 (15) Spells: 5/13 levels left

rFire    . . .     SeeInvis .   e - +0 halberd
rCold    . . .     Gourm    .   (shield currently unavailable)
rNeg     . . .     Faith    .   a - +0 robe
rPois    .         Spirit   .   (no helmet)
rElec    .         Reflect  .   (no cloak)
rCorr    .         Harm     .   (no gloves)
MR       .....                  (no boots)
Stlth    +.........             (no amulet)
HPRegen  0.09/turn              (no ring)
MPRegen  0.13/turn              (no ring)

@: confused
A: no striking features
a: Renounce Religion


You were on level 7 of the Dungeon.
You worshipped Vehumet.
Vehumet was noncommittal.
You were very hungry.

You visited 1 branch of the dungeon, and saw 6 of its levels.

You collected 147 gold pieces.

Inventory:

Hand Weapons
 e - a +0 halberd (weapon)
 k - a +0 short sword
 l - a +0 hunting sling
Armour
 a - a +0 robe (worn)
Scrolls
 d - 3 scrolls of identify {unknown}
 i - a scroll of immolation
Comestibles
 c - 6 rations


   Skills:
 - Level 2.4 Dodging
 - Level 2.4 Stealth
 + Level 4.6 Spellcasting
 * Level 4.3 Conjurations
 + Level 4.4 Fire Magic


You had 5 spell levels left.
You knew the following spells:

 Your Spells              Type           Power        Failure   Level  Hunger
a - Foxfire               Conj/Fire      ###.         2%          1    None
b - Conjure Flame         Conj/Fire      ###.....     6%          3    ###....
c - Sticky Flame          Conj/Fire      ###.....     22%         4    ####...

Your spell library contained the following spells:

 Spells                   Type           Power        Failure   Level  Hunger
 Inner Flame              Hex/Fire       ##......     16%         3    ###....
 Fireball                 Conj/Fire      ###.......   52%         5    ######.


Dungeon Overview and Level Annotations

Branches:
Dungeon (5/15)
 Temple: D:4-7

Altars:
Ashenzari
Cheibriados
Dithmenos
Elyvilon
Nemelex Xobeh
Vehumet
Zin

Annotations:
D:7 Prince Ribbit


Message History

There was something very wrong with that liquid.
You feel weakened.
You feel dopey.
You feel clumsy. The leopard gecko bites you.
A sky beast appears from thin air!
Reactivating autopickup.
The bullfrog closely misses you.
The leopard gecko completely misses you.
You're too confused!
You completely miss the bullfrog. The bullfrog barely misses you.
The bullfrog hits you. The leopard gecko barely misses you.
Prince Ribbit blinks!
The bullfrog hits you!
* * * LOW HITPOINT WARNING * * *
The leopard gecko hisses menacingly.
The leopard gecko closely misses you. The sky beast hits you.
The sky beast shocks you.
* * * LOW HITPOINT WARNING * * *
The bullfrog misses you.
Prince Ribbit blinks!
The sky beast hits you.
* * * LOW HITPOINT WARNING * * *
The sky beast shocks you.
You die...

#.# #..####
#.##############[.#..##
#......F..............#
###############.......#
#.!....)?o #.ยง.##....
#l5.##.... #FY..# ...
#@...# .# #..[.#
#......[# #...F#.##
#....#.# #....# #
#....# #...##


You could see Prince Ribbit, a sky beast, a bullfrog, a quasit and a leopard
gecko.

Vanquished Creatures
  A hound (D:5)
  A worker ant (D:5)
  A worker ant zombie (D:5)
  A gnoll (D:1)
  4 adders
  A shadow imp (D:5)
  2 oozes
  2 worms (D:2)
  2 dart slugs (D:1)
  5 leopard geckos
  A giant cockroach (D:2)
  8 goblins
  9 hobgoblins
  3 jackals (D:2)
  4 kobolds
  A quokka (D:2)
  2 ball pythons
  9 bats
  4 frilled lizards
  3 rats
64 creatures vanquished.

Vanquished Creatures (others)
  98 foxfires
98 creatures vanquished.

Grand Total: 162 creatures vanquished

Notes
Turn   | Place    | Note
-------+----------+-------------------------------------------
     0 | D:1      | AvylaarBelgium the Deep Elf Fire Elementalist began the
                  | quest for the Orb.
     0 | D:1      | Reached XP level 1. HP: 10/10 MP: 6/6
    98 | D:1      | Reached XP level 2. HP: 15/15 MP: 0/8
   314 | D:1      | Reached XP level 3. HP: 15/19 MP: 8/10
   877 | D:2      | You fall into a shaft and drop 1 floor!
  1041 | D:2      | Found a snail-covered altar of Cheibriados.
  1127 | D:2      | Reached XP level 4. HP: 24/24 MP: 7/11
  2116 | D:3      | You fall into a shaft and drop 2 floors!
  2116 | D:5      | Entered Level 5 of the Dungeon
  2155 | D:5      | HP: 1/24 [worker ant (5)]
  2157 | D:5      | Found a shattered altar of Ashenzari.
  2157 | D:5      | Found a shadowy altar of Dithmenos.
  2157 | D:5      | Found a sparkling altar of Nemelex Xobeh.
  2162 | D:5      | Learned a level 3 spell: Conjure Flame
  2167 | D:5      | Learned a level 4 spell: Sticky Flame
  2167 | D:5      | Found a radiant altar of Vehumet.
  2170 | D:5      | Found a white marble altar of Elyvilon.
  2170 | D:5      | Found a glowing silver altar of Zin.
  2174 | D:5      | Reached XP level 5. HP: 18/28 MP: 9/13
  2184 | D:5      | Became a worshipper of Vehumet
  2532 | D:4      | You fall into a shaft and drop 3 floors!
  2533 | D:7      | Noticed Prince Ribbit
  2552 | D:7      | Noticed a necrophage
  2611 | D:7      | Noticed a sky beast
  2617 | D:7      | Slain by a sky beast

Illustrated notes

Levels and vault maps discovered:
D:1:      minmay_arrival_five_plusses, layout_rooms, kennysheep_small_spiral
D:2:      layout_loops_ring, overflow_temple_1_default, chequers_arboretum
D:3:      layout_loops_corners, first_ration, ebering_ghost_reflecting_pool
D:4:      layout_basic, minmay_temple_entry_offerings, serial_shops,
          kennysheep_little_box, trog_wizard, uniq_pikel, uniq_blork_the_orc
D:5:      layout_basic, minmay_overflow_temple_hex
D:7:      minmay_flawed_box, layout_basic, serial_shops, kennysheep_mini_moat,
          uniq_prince_ribbit1

Skill      XL: |  1  2  3  4  5 |
---------------+----------------+-----
Conjurations   | 2 3 4 |  4.3
Spellcasting   | 4 |  4.6
Fire Magic     | 4 |  4.4
Dodging        | |  2.4
Stealth        | |  2.4

Action                   |  1- 3 |  4- 6 || total
-------------------------+-------+-------++-------
Melee: Halberd           |    44 |    51 ||    95
 Cast: Foxfire           |    39 |    30 ||    69
       Conjure Flame     |       |     5 ||     5
       Sticky Flame      |       |     3 ||     3
  Use: Scroll            |       |     6 ||     6
       Potion            |       |     5 ||     5
 Stab: Sleeping          |     3 |     3 ||     6
  Eat: Chunk             |     1 |     4 ||     5
Armor: Robe              |     8 |     9 ||    17
Dodge: Dodged            |    33 |    90 ||   123
